 Dungeon Crawl Stone Soup version 0.24.0-1-gfbc8707 (webtiles) character file.

Game seed: 12687490945222028792, levelgen mode: deterministic

7385 TheGoonsmith the Impaler (level 11, -1/89 HPs)
             Began as a Merfolk Gladiator on Nov 2, 2019.
             Was an Elder of Okawaru.
             Slain by a two-headed ogre
             ... wielding a +0 giant club
              (5 damage)
             ... on level 8 of the Dungeon.
             The game lasted 00:19:59 (8516 turns).

TheGoonsmith the Impaler (Merfolk Gladiator)        Turns: 8516, Time: 00:20:00

Health: -1/89      AC: 18    Str: 16    XL:     11   Next: 14%
Magic:  11/12      EV: 12    Int:  9    God:    Okawaru [****..]
Gold:   440        SH:  0    Dex: 18    Spells: 10/10 levels left

rFire    . . .     SeeInvis +   F - +0 halberd
rCold    . . .     Gourm    .   (shield currently unavailable)
rNeg     . . .     Faith    .   u - +5 chain mail "Lezuec" {Str+4 SInv Stlth-}
rPois    .         Spirit   .   c - +1 helmet
rElec    .         Reflect  .   k - +0 cloak
rCorr    .         Harm     .   (no gloves)
MR       .....                  (no boots)
Stlth    ..........             (no amulet)
HPRegen  0.24/turn              D - -2 ring of strength (curse)
MPRegen  0.13/turn              E - ring of wizardry

@: no status effects
A: change form in water, swift swim, stealthy swim
a: Heroism, Renounce Religion


You were on level 8 of the Dungeon.
You worshipped Okawaru.
Okawaru was greatly pleased with you.
You were very hungry.

You visited 2 branches of the dungeon, and saw 10 of its levels.

You collected 440 gold pieces.

Inventory:

Hand Weapons
 a - a +1 trident
 F - a +0 halberd (weapon)
Missiles
 d - 4 throwing nets (quivered)
Armour
 b - a +0 leather armour
 c - a +1 helmet (worn)
 k - a +0 cloak (worn)
 o - a +0 ring mail
 u - the +5 chain mail "Lezuec" (worn) {Str+4 SInv Stlth-}
   (You found it on level 4 of the Dungeon)

   It affects your strength (+4).
   It lets you see invisible.
   It makes you less stealthy.
Jewellery
 e - a cursed amulet of inaccuracy
 j - an uncursed amulet of magic regeneration
 n - a +3 amulet of reflection
 D - a cursed -2 ring of strength (left hand)
 E - a ring of wizardry (right hand)
 G - an uncursed ring of wizardry
Wands
 m - a wand of iceblast (2)
 q - a wand of random effects (20)
 t - a wand of paralysis (10)
 w - a wand of flame (19)
 y - a wand of polymorph (10)
Scrolls
 h - 7 scrolls of teleportation
 l - 5 scrolls of amnesia
 r - a scroll of identify
 B - 3 scrolls of fog
Potions
 i - 4 potions of heal wounds
 p - 4 potions of flight
 s - a potion of curing
 v - a potion of might
 z - a potion of degeneration {unknown}
 A - a potion of haste {unknown}
 H - 2 potions of cancellation
Miscellaneous
 I - a sack of spiders
Comestibles
 f - 25 rations


   Skills:
 + Level 9.6 Fighting
 * Level 15.5 Polearms
 - Level 2.0 Throwing
 + Level 4.7 Armour
 + Level 9.3 Dodging
 - Level 2.0 Invocations


You had 10 spell levels left.
You didn't know any spells.
Your spell library contained the following spells:

 Spells                   Type           Power        Failure   Level  Hunger
 Freeze                   Ice            #...         91%         1    ##.....
 Sting                    Conj/Pois      #...         91%         1    ##.....
 Poisonous Vapours        Pois/Air       #.....       97%         2    ###....
 Searing Ray              Conj           #.....       97%         2    ###....
 Mephitic Cloud           Conj/Pois/Air  #.......     99%         3    ####...
 Olgreb's Toxic Radiance  Pois           #.......     100%        4    #####..
 Lightning Bolt           Conj/Air       #.........   100%        5    ######.
 Metabolic Englaciation   Hex/Ice        #.........   100%        5    ######.
 Venom Bolt               Conj/Pois      #.........   100%        5    ######.


Dungeon Overview and Level Annotations

Branches:
Dungeon (9/15)             Temple (1/1) D:6            Lair (0/6) D:8
    Orc: D:9-12

Altars:
Ashenzari
Cheibriados
Dithmenos
Elyvilon
Gozag
Hepliaklqana
Makhleb
Nemelex Xobeh
Okawaru
Qazlal
Sif Muna
Trog
Uskayaw
Vehumet
Wu Jian
Xom
Zin
The Shining One

Shops:
D:6 (


Message History

The two-headed ogre hits you with a +0 giant club!!
* * * LOW HITPOINT WARNING * * *
The two-headed ogre hits you but does no damage.
You slash the two-headed ogre!
The two-headed ogre is moderately wounded.
The two-headed ogre closely misses you.
The two-headed ogre hits you but does no damage.
You barely miss the two-headed ogre.
The two-headed ogre is moderately wounded.
You feel like a meek peon again.
You closely miss the two-headed ogre.
The two-headed ogre is moderately wounded.
The two-headed ogre misses you. The two-headed ogre barely misses you.
You hit the two-headed ogre but do no damage.
The two-headed ogre is moderately wounded.
You completely miss the two-headed ogre.
The two-headed ogre is moderately wounded.
The two-headed ogre barely misses you.
The two-headed ogre hits you with a +0 giant club.
You die...

#...................#.#
##########.###......#.#####
#.........>...............
#.########O#.......#.#####
#.##.....#...#.....#.# #.
#.##.###.###O#.....#.# #.
#.##.# #..........##.# #.
#.##.#######.##.#.##.####.
#.#......@O..##.#.##..#...
#.#############.#.###...#.
#...............#.# #####.
##################.#######.
#<............#..........#.
#############.#.#.######.#.
####.#.#.# #..#.#.
###....#.#.# #..#.#.
##......#)#.###..#.#.


You could see a two-headed ogre.

Vanquished Creatures
  A two-headed ogre (D:8)
  Pikel (D:5)
  A cyclops (D:8)
  A yaktaur (shapeshifter) (D:8)
  2 hippogriffs
  A human (D:7)
  A wyvern (D:8)
  8 yaks
  3 hogs (D:7)
  3 porcupines (D:8)
  2 ice beasts
  2 slaves (D:5)
  2 black bears
  2 sky beasts (D:8)
  An eye of draining (D:8)
  2 orc warriors (D:8)
  A phantom (D:4)
  3 ogres
  3 centaurs (D:8)
  A crocodile (D:8)
  4 bullfrogs
  A scorpion (D:8)
  A howler monkey (D:4)
  2 bullfrog zombies
  3 crimson imps (D:5)
  5 hounds
  3 centaur zombies (D:8)
  2 jellies
  2 orc priests
  A bullfrog skeleton (D:5)
  A centaur skeleton (D:5)
  4 iguanas
  Natasha (thrice) (D:2)
  10 worker ants
  A hound skeleton (D:5)
  A worker ant zombie (D:8)
  5 gnolls
  A howler monkey skeleton (D:4)
  8 adders
  A shadow imp (D:8)
  An ooze (D:4)
  An adder skeleton (D:5)
  An adder zombie (D:8)
  3 worms (D:2)
  A dart slug (D:1)
  4 leopard geckos
  25 orcs
  9 giant cockroaches
  15 goblins
  7 hobgoblins
  10 jackals
  4 quokkas
  A ball python (D:3)
  7 bats
  6 frilled lizards
  A jackal skeleton (D:4)
  A jackal zombie (D:5)
  12 kobolds
  2 leopard gecko skeletons
  A quokka zombie (D:8)
  7 rats
219 creatures vanquished.

Vanquished Creatures (others)
  An ogre (D:5)
  A bullfrog zombie (D:5)
  An adder zombie (D:5)
3 creatures vanquished.

Grand Total: 222 creatures vanquished

Notes
Turn   | Place    | Note
-------+----------+-------------------------------------------
     0 | D:1      | TheGoonsmith the Merfolk Gladiator began the quest for the
                  | Orb.
     0 | D:1      | Reached XP level 1. HP: 16/16 MP: 1/1
    37 | D:1      | Reached XP level 2. HP: 22/23 MP: 2/2
    81 | D:1      | Reached skill level 5 in Polearms
   200 | D:1      | Reached XP level 3. HP: 28/28 MP: 3/3
   685 | D:2      | Reached XP level 4. HP: 4/34 MP: 4/4
   885 | D:2      | Reached skill level 6 in Polearms
  1417 | D:2      | Noticed Natasha
  1432 | D:2      | Killed Natasha
  1493 | D:2      | Noticed Natasha
  1499 | D:2      | Killed Natasha
  1499 | D:2      | Reached skill level 5 in Dodging
  1499 | D:2      | Reached XP level 5. HP: 23/41 MP: 5/5
  1672 | D:2      | Noticed Natasha
  1747 | D:2      | Killed Natasha
  2130 | D:3      | Reached skill level 7 in Polearms
  2209 | D:3      | Reached XP level 6. HP: 39/48 MP: 6/6
  2231 | D:3      | Noticed a black bear
  2241 | D:3      | Killed a black bear
  2567 | D:3      | Reached skill level 8 in Polearms
  2705 | D:4      | Got an ancient chain mail
  2819 | D:4      | Noticed a phantom
  2873 | D:4      | Killed a phantom
  2873 | D:4      | Reached XP level 7. HP: 31/55 MP: 7/7
  3097 | D:4      | Identified the +5 chain mail "Lezuec" {Str+4 SInv Stlth-}
                  | (You found it on level 4 of the Dungeon)
  3258 | D:4      | Reached skill level 9 in Polearms
  3584 | D:5      | Entered Level 5 of the Dungeon
  3727 | D:5      | Reached skill level 5 in Fighting
  3854 | D:5      | Reached XP level 8. HP: 54/62 MP: 8/8
  3856 | D:5      | Reached skill level 10 in Polearms
  3863 | D:5      | Found a burning altar of Makhleb.
  3891 | D:5      | Noticed Pikel
  3961 | D:5      | Killed Pikel
  3961 | D:5      | Reached skill level 11 in Polearms
  3961 | D:5      | Reached skill level 1 in Armour
  4444 | D:5      | Found Ilyohy's Book Emporium.
  4819 | D:6      | Reached XP level 9. HP: 68/69 MP: 9/9
  4835 | D:6      | Found Kiewi's Weapon Shoppe.
  4931 | D:6      | Reached skill level 12 in Polearms
  4940 | D:6      | Found a staircase to the Ecumenical Temple.
  4954 | Temple   | Entered the Ecumenical Temple
  5068 | Temple   | Became a worshipper of Warmaster Okawaru
  5973 | D:7      | Reached * piety under Okawaru
  5976 | D:7      | Reached skill level 13 in Polearms
  6215 | D:7      | Reached ** piety under Okawaru
  6541 | D:8      | Reached skill level 14 in Polearms
  6595 | D:8      | Reached XP level 10. HP: 62/80 MP: 10/10
  6600 | D:8      | Reached skill level 1 in Invocations
  7017 | D:8      | Noticed a two-headed ogre
  7028 | D:8      | HP: 1/82 [two-headed ogre/+0 giant club (7)]
  7029 | D:8      | Killed a two-headed ogre
  7029 | D:8      | Reached *** piety under Okawaru
  7058 | D:8      | HP: 4/82 [yaktaur (shapeshifter) (10)]
  7104 | D:8      | Noticed a two-headed ogre
  7528 | D:8      | Found a staircase to the Lair.
  7626 | D:8      | Found a white marble altar of Elyvilon.
  7828 | D:8      | Reached **** piety under Okawaru
  8027 | D:8      | Found the +8 frozen axe "Frostbite" {freezing cloud, *Noise
                  | +Fly rC+}
  8027 | D:8      | Noticed a cyclops
  8038 | D:8      | Killed a cyclops
  8038 | D:8      | Reached skill level 15 in Polearms
  8049 | D:8      | Reached XP level 11. HP: 53/89 MP: 10/12
  8062 | D:8      | Identified the Almanac of the Hurtful Snowflakes
  8511 | D:8      | HP: 3/89 [two-headed ogre/+0 giant club (26)]
  8516 | D:8      | Slain by a two-headed ogre

Levels and vault maps discovered:
D:1:      psy_arrival_fountain, layout_basic, minmay_door_square
D:2:      layout_rooms, minmay_misc_feat_tower, uniq_natasha
D:3:      layout_loops_ring, first_ration
D:4:      layout_basic
D:5:      corexii_shantytown, layout_basic, makhleb_heckhound_becter,
          serial_shops, nicolae_shop_crystal, uniq_pikel
D:6:      layout_loops_ring, minmay_temple_entry_offerings, serial_shops,
          nicolae_shop_crystal, kennysheep_dice
D:7:      layout_basic, grunt_livestock
D:8:      minmay_the_grid_triangle_9x9_rhombus_thin
          [minmay_the_grid_triangle_9x9_sprig,
          minmay_the_grid_triangle_9x9_prize_insulated,
          minmay_the_grid_triangle_9x9_steps,
          minmay_the_grid_triangle_9x9_flanged_cone], layout_basic,
          grunt_lair_entry_orc_guard_hut, elyvilon_altar_3
D:9:      layout_rooms
Temple:   minmay_crystal_snake_temple

Skill      XL: |  1  2  3  4  5  6  7  8  9 10 |
---------------+-------------------------------+-----
Polearms       | 5 6 7 8 9 11 14 15 | 15.5
Fighting       | 3 4 5 6 8 9 |  9.6
Dodging        | 5 6 7 9 |  9.3
Armour         | 2 3 4 |  4.7
Invocations    | 2 |  2.0
Throwing       | |  2.0

Action                   |  1- 3 |  4- 6 |  7- 9 | 10-12 || total
-------------------------+-------+-------+-------+-------++-------
Melee: Trident           |    85 |   204 |   510 |    85 ||   884
       Halberd           |       |       |       |   143 ||   143
Invok: Heroism           |       |       |       |     5 ||     5
Evoke: Wand              |       |       |       |     3 ||     3
  Use: Potion            |       |     1 |     2 |     1 ||     4
       Scroll            |       |     6 |     5 |    11 ||    22
 Stab: Sleeping          |     6 |       |       |       ||     6
  Eat: Chunk             |       |     7 |    11 |     6 ||    24
Armor: Leather armour    |    10 |    10 |       |       ||    20
       Ring mail         |       |    31 |     2 |       ||    33
       Chain mail        |       |       |   163 |    60 ||   223
Dodge: Dodged            |    36 |    76 |   169 |    81 ||   362
